 Dungeon Crawl Stone Soup version 0.25-a0-1119-g28b6fd0c3b (webtiles) character file.

Game seed: 1357934486500293449, levelgen mode: deterministic

4978 HoaS the Grappler (level 10, -18/102 HPs)
             Began as a Gargoyle Berserker on May 17, 2020.
             Was an Elder of Trog.
             Engulfed by an ice statue's freezing vapour (20 damage)
             ... on level 9 of the Dungeon.
             The game lasted 00:22:00 (9531 turns).

HoaS the Grappler (Gargoyle Berserker)              Turns: 9531, Time: 00:22:01

Health: -18/102    AC: 22    Str: 23    XL:     10   Next: 53%
Magic:  10/10      EV:  7    Int:  9    God:    Trog [****..]
Gold:   476        SH:  0    Dex:  9    Spells: 9/9 levels left

rFire    . . .     SeeInvis .     - Unarmed
rCold    . . .     Gourm    .   (no shield)
rNeg     + . .     Faith    .   H - +3 plate armour
rPois    ∞         Spirit   .   A - +0 helmet
rElec    +         Reflect  .   (no cloak)
rCorr    .         Harm     .   (no gloves)
MR       .....                  (no boots)
Stlth    ..........             (no amulet)
HPRegen  0.27/turn              f - ring of stealth
MPRegen  0.12/turn              (no ring)

@: berserking, studying Invocations, very quick
A: negative energy resistance 1, electricity resistance, unbreathing,
petrification resistance, rot immunity, AC +7
a: Berserk, Trog's Hand, Brothers in Arms, Renounce Religion


You were on level 9 of the Dungeon.
You worshipped Trog.
Trog was greatly pleased with you.
You were near starving.

You visited 1 branch of the dungeon, and saw 9 of its levels.

You collected 476 gold pieces.

Inventory:

Hand Weapons
 w - a +0 shortbow
Missiles
 c - 186 arrows (quivered)
Armour
 A - a +0 helmet (worn)
 H - a +3 plate armour (worn)
Jewellery
 f - a ring of stealth (left hand)
 j - a cursed -4 ring of intelligence
Wands
 k - a wand of iceblast (8)
 o - a wand of paralysis (2)
 B - a wand of random effects (24)
Scrolls
 a - 2 scrolls of magic mapping
 e - 2 scrolls of remove curse
 g - 4 scrolls of teleportation
 q - 2 scrolls of identify
 u - a scroll of fear
Potions
 d - 3 potions of cancellation
 h - 2 potions of might
 i - a potion of ambrosia
 l - a potion of mutation {unknown}
 m - 2 potions of flight
 n - a potion of stabbing {unknown}
 p - a potion of invisibility {unknown}
 r - a potion of brilliance {unknown}
 t - a potion of heal wounds {unknown}
 x - 3 potions of lignification
Books
 F - a manual of Invocations
Comestibles
 b - 14 rations


   Skills:
 + Level 10.1 Fighting
 + Level 6.8 Bows
 - Level 2.1 Armour
 - Level 1.5 Dodging
 + Level 10.7 Unarmed Combat


You had 9 spell levels left.
You didn't know any spells.
Your spell library was empty.

Dungeon Overview and Level Annotations

Branches:
Dungeon (9/15)             Temple (0/1) D:4
   Lair: D:8-11         Orc: D:9-12

Altars:
Ashenzari
Cheibriados
Fedhas
Kikubaaqudgha
Okawaru
Ru
Sif Muna
Vehumet
The Shining One

Shops:
D:7 *

Annotations:
D:9 exclusions: ice statue and orange crystal statue


Innate Abilities, Weirdness & Mutations

You are resistant to torment.
Your stone body is resilient. (AC +7)
You are immune to poison.
You resist negative energy. (rN+)
You are resistant to electric shocks. (rElec)
You can survive without breathing.
You are immune to petrification.
You are immune to rotting.


Message History

Okay, then.
You are now empty-handed.
The ice beast hits you. The ice beast freezes you!
The ice statue gestures at you. The freezing blast engulfs you!
The ice beast hits you. The ice beast freezes you!
The ice beast hits you but does no damage.
You are engulfed in freezing vapours.
* * * LOW HITPOINT WARNING * * *
The ice beast hits you but does no damage.
You see here an arrow.
You punch the ice statue!
The ice statue is moderately damaged.
You are engulfed in freezing vapours.
* * * LOW HITPOINT WARNING * * *
The ice beast hits you but does no damage.
A red film seems to cover your vision as you go berserk!
You feel yourself moving faster!
You feel mighty!
You are near starving!
You are engulfed in freezing vapours.
You die...

##.#######(..####.# #.# # #÷#
#####(.......# #.# #
####.###....).####### #.#### #
#(.....##......# #....# #
#.##.###...(.### #.##.# #
##....##.....##?## #.##.# #
#..####.....##...## #..#.# #
#...##[.8..##(.8.$# ##..#.#
###....##..O##.○@○°######...#.#
÷.......##)##..☼YY##.'........###
####....####...○°##..##.........#
#......)...○.##..###.##..###.#
#.##.##......^.<## #.###.# #.#
*..,....##.....## #.# #.# #.#
*##*,###*####+## #.# #.# #.# *,*
*,* #.#*#.#*#.# *,* *,*
#..,...,..#


You could see an ice statue and 2 ice beasts.

Vanquished Creatures
  A two-headed ogre (D:7)
  Prince Ribbit (D:5)
  Sigmund (D:3)
  4 yaks (D:9)
  A hungry ghost (D:7)
  An ice beast (D:9)
  An orc warrior (D:8)
  2 sky beasts
  2 black bears (D:9)
  2 ogres (D:7)
  A phantom (D:4)
  3 centaurs
  A crocodile (D:9)
  4 bullfrogs
  5 scorpions
  8 killer bees (D:9)
  An electric eel (D:6)
  2 howler monkeys (D:4)
  A crimson imp (D:7)
  A bullfrog zombie (D:8)
  A centaur zombie (D:6)
  6 orc wizards
  7 orc priests
  3 hounds
  3 jellies
  5 iguanas
  6 worker ants
  3 hound skeletons
  A worker ant zombie (D:7)
  Robin (D:3)
  8 adders
  2 shadow imps
  2 adder skeletons (D:6)
  3 worms
  3 dart slugs
  4 leopard geckos
  13 orcs
  2 ball pythons
  7 bats
  4 giant cockroaches
  19 goblins
  8 hobgoblins
  4 frilled lizards
  5 kobolds
  2 leopard gecko skeletons
  3 rats
168 creatures vanquished.

Vanquished Creatures (collateral kills)
  A hound skeleton (D:9)
1 creature vanquished.

Vanquished Creatures (others)
  An orc wizard (D:6)
1 creature vanquished.

Grand Total: 170 creatures vanquished

Notes
Turn   | Place    | Note
-------+----------+-------------------------------------------
     0 | D:1      | HoaS the Gargoyle Berserker began the quest for the Orb.
     0 | D:1      | Reached XP level 1. HP: 14/14 MP: 1/1
   214 | D:1      | Reached XP level 2. HP: 7/19 MP: 2/2
  1344 | D:2      | Reached XP level 3. HP: 22/24 MP: 3/3
  2173 | D:3      | Reached XP level 4. HP: 29/29 MP: 4/4
  2239 | D:3      | Reached ** piety under Trog
  2460 | D:3      | Noticed Robin
  2468 | D:3      | Killed Robin
  2568 | D:3      | Reached XP level 5. HP: 29/34 MP: 5/5
  2585 | D:3      | Reached skill level 5 in Unarmed Combat
  2726 | D:3      | Found a blossoming altar of Fedhas.
  2727 | D:3      | Found a shattered altar of Ashenzari.
  2855 | D:3      | Noticed Sigmund
  2868 | D:3      | Killed Sigmund
  2868 | D:3      | Reached skill level 5 in Fighting
  2868 | D:3      | Reached XP level 6. HP: 40/40 MP: 6/6
  3253 | D:4      | Reached XP level 7. HP: 35/44 MP: 7/7
  3901 | D:4      | Found an ancient bone altar of Kikubaaqudgha.
  3953 | D:4      | Found a shimmering blue altar of Sif Muna.
  3955 | D:4      | Found a radiant altar of Vehumet.
  4235 | D:4      | Found a staircase to the Ecumenical Temple.
  4347 | D:5      | Entered Level 5 of the Dungeon
  4352 | D:5      | Noticed Prince Ribbit
  4406 | D:5      | Killed Prince Ribbit
  4406 | D:5      | Reached XP level 8. HP: 18/52 MP: 8/8
  5273 | D:6      | Reached skill level 1 in Bows
  5870 | D:6      | Reached XP level 9. HP: 47/58 MP: 9/9
  6423 | D:6      | Found a snail-covered altar of Cheibriados.
  6426 | D:6      | Found a sacrificial altar of Ru.
  6427 | D:6      | Found a glowing golden altar of the Shining One.
  6428 | D:6      | Found an iron altar of Okawaru.
  6878 | D:7      | Reached *** piety under Trog
  7055 | D:7      | Found Fyobroh's Assorted Antiques.
  7370 | D:7      | Noticed a two-headed ogre
  7380 | D:7      | Killed a two-headed ogre
  7380 | D:7      | Reached skill level 5 in Bows
  7380 | D:7      | Reached skill level 10 in Unarmed Combat
  7605 | D:8      | Reached XP level 10. HP: 66/66 MP: 10/10
  8082 | D:8      | Noticed a two-headed ogre
  9091 | D:9      | Reached skill level 10 in Fighting
  9315 | D:9      | Reached **** piety under Trog
  9363 | D:9      | Noticed an orange crystal statue
  9373 | D:9      | Noticed a two-headed ogre
  9515 | D:9      | Noticed an ice statue
  9530 | D:9      | HP: 1/68 [ice statue] (13)]
  9531 | D:9      | Engulfed by an ice statue's freezing vapour

Illustrated notes

Levels and vault maps discovered:
D:1:      dpeg_arrival_castle, layout_basic
D:2:      layout_basic
D:3:      cheibrodos_helix_gallery, layout_loops_ring,
          nicolae_overflow_hidden_temple, first_ration, uniq_sigmund, uniq_robin
D:4:      layout_cave_pools, grunt_temple_overflow_magic_moments,
          minmay_temple_entry_glassed_door, chequers_serial_rivers_micro_d,
          kennysheep_generic_room_2
D:5:      layout_loops_ring, uniq_prince_ribbit1
D:6:      layout_basic, minitemple, serial_bayou_lagoon_a, minmay_manual_mail
D:7:      layout_loops_cross, serial_shops, nicolae_shop_overgrown_old_shop
D:8:      layout_basic, onia_ninara_dug_in_and_dangerous
D:9:      minmay_separated_statues, layout_loops_corners

Skill      XL: |  1  2  3  4  5  6  7  8  9 10 |
---------------+-------------------------------+-----
Unarmed Combat | 4 6 8 9 10 | 10.7
Fighting       | 4 5 6 7 9 10 | 10.1
Bows           | 3 5 6 |  6.8
Armour         | |  2.1
Dodging        | |  1.5

Action                   |  1- 3 |  4- 6 |  7- 9 | 10-12 || total
-------------------------+-------+-------+-------+-------++-------
Melee: Unarmed           |   157 |   163 |   369 |   167 ||   856
       Punch             |     2 |       |    10 |     7 ||    19
 Fire: Shortbow          |       |       |    25 |    49 ||    74
Invok: Berserk           |       |     2 |     2 |     1 ||     5
       Trog's Hand       |       |     1 |     5 |       ||     6
  Use: Scroll            |       |       |       |    22 ||    22
  Eat: Chunk             |     4 |     5 |    18 |     5 ||    32
       Ration            |       |       |     1 |       ||     1
Armor: Animal skin       |    53 |       |       |       ||    53
       Ring mail         |     6 |    70 |    28 |       ||   104
       Scale mail        |       |       |    93 |       ||    93
       Chain mail        |       |       |    42 |     6 ||    48
       Plate armour      |       |       |       |   108 ||   108
Dodge: Dodged            |    97 |    86 |   134 |    58 ||   375

Table legend:
 A = Non-vault XP
 B = Vault XP
 C = Vault XP percentage of total XP
 D = Non-vault monster count
 E = Vault monster count
 F = Vault count percentage of total count
                 A         B        C        D         E       F
            +---------+---------+-------+---------+---------+-------
      Total |    6240 |     872 |  12.3 |     146 |      24 |  14.1
            +---------+---------+-------+---------+---------+-------
        D:1 |      33 |       0 |   0.0 |      17 |       0 |   0.0
        D:2 |      42 |       0 |   0.0 |      18 |       0 |   0.0
        D:3 |     177 |     266 |  60.0 |      14 |      16 |  53.3
        D:4 |     453 |     121 |  21.1 |      14 |       1 |   6.7
        D:5 |     190 |     283 |  59.8 |       3 |       1 |  25.0
        D:6 |    1036 |     202 |  16.3 |      27 |       6 |  18.2
        D:7 |    1803 |       0 |   0.0 |      17 |       0 |   0.0
        D:8 |     409 |       0 |   0.0 |      12 |       0 |   0.0
        D:9 |    2097 |       0 |   0.0 |      24 |       0 |   0.0
            +---------+---------+-------+---------+---------+-------
